 Dungeon Crawl Stone Soup version 0.24-a0-539-g6aae15e (webtiles) character file.

Game seed: 11685704031080900220

13 ChiliFlavouring the Skirmisher (level 2, -3/16 HPs)
             Began as a Vine Stalker Fighter on Aug 16, 2019.
             Slain by a gnoll
             ... wielding a +2 spear of flaming
              (7 damage)
             ... on level 2 of the Dungeon.
             The game lasted 00:02:00 (1128 turns).

ChiliFlavouring the Skirmisher (VSFi)               Turns: 1128, Time: 00:02:00

Health: -3/16      AC:  6    Str: 18    XL:     2   Next: 37%
Magic:  0/3        EV:  7    Int:  8    God:
Gold:   46         SH:  9    Dex: 13    Spells: 1/1 levels left

rFire    . . .     SeeInvis .   e - +1 dagger (drain)
rCold    . . .     Gourm    .   c - +0 shield
rNeg     . . .     Faith    .   b - +0 scale mail
rPois    .         Spirit   +   (no helmet)
rElec    .         Reflect  .   (no cloak)
rCorr    .         Harm     .   (no gloves)
MR       .....                  (no boots)
Stlth    ..........             (no amulet)
HPRegen  0.05/turn              (no ring)
MPRegen  0.08/turn              (no ring)

@: lightly drained
A: fangs 2, magic shield, antimagic bite, no potion heal 3, rot immunity
a: no special abilities


You were on level 2 of the Dungeon.
You were not hungry.

You visited 1 branch of the dungeon, and saw 2 of its levels.

You collected 46 gold pieces.

Inventory:

Hand Weapons
 a - a +0 rapier
 e - a +1 dagger of draining (weapon)
Armour
 b - a +0 scale mail (worn)
 c - a +0 shield (worn)
Scrolls
 g - a scroll of identify {unknown}
 k - a scroll of remove curse {unknown}
Potions
 d - a potion of might
 i - 2 potions of flight {unknown}
 j - a potion of haste {unknown}
 l - a potion of curing {unknown}
Comestibles
 f - 4 rations


   Skills:
 + Level 2.9 Fighting
 + Level 2.1 Short Blades
 - Level 2.4(2.3) Armour
 + Level 2.9 Shields


You had one spell level left.
You didn't know any spells.
Your spell library was empty.

Dungeon Overview and Level Annotations

Branches:
Dungeon (2/15)

Altars:


Innate Abilities, Weirdness & Mutations

You have extremely sharp teeth.
When hurt, damage is shared between your health and your magic reserves.
Your bite disrupts and absorbs the magic of your enemies.
Potions cannot restore your health.
You are immune to rotting.


Message History

The gnoll is lightly wounded.
You block the gnoll's attack. The bat hits you.
You closely miss the gnoll.
The gnoll is lightly wounded.
The bat hits you but does no damage. You block the bat's attack.
The gnoll hits you with a +2 spear of flaming.
The gnoll burns you.
You hit the gnoll.
The gnoll is lightly wounded.
The bat hits you but does no damage. The gnoll hits you but does no damage.
You hit the gnoll.
The gnoll is moderately wounded.
You block the bat's attack.
The gnoll hits you with a +2 spear of flaming.
* * * LOW HITPOINT WARNING * * *
The gnoll burns you.
You closely miss the gnoll. You bite the gnoll, but do no damage.
The gnoll is moderately wounded.
The gnoll hits you with a +2 spear of flaming!
You die...

##### #...# #...#
####...####
#######.........##
#.####...(.............
#.....<####...b.?...#
##.##..# ####@..####
#..# #g..# #..# #...#
#..# .?.## .... ##.#
.... .. ##..# .# .#


You could see a gnoll and a bat.

Vanquished Creatures
  A leopard gecko (D:1)
  A bat (D:2)
  A hobgoblin (D:1)
  3 frilled lizards (D:1)
  A goblin (D:1)
  3 kobolds (D:1)
  3 rats (D:1)
13 creatures vanquished.

Notes
Turn   | Place    | Note
-------+----------+-------------------------------------------
     0 | D:1      | ChiliFlavouring the Vine Stalker Fighter began the quest
                  | for the Orb.
     0 | D:1      | Reached XP level 1. HP: 11/11 MP: 2/2
   417 | D:1      | Reached XP level 2. HP: 16/16 MP: 3/3
  1128 | D:2      | Slain by a gnoll

Levels and vault maps discovered:
D:1:      onia_arrival_pyramid, layout_basic, minmay_misc_feat_five,
          minmay_misc_feat_roman
D:2:      layout_loops_ring, eat_drink_and_be_merry_uskayaw,
          ashenzari_conservatory_becter, first_ration, minmay_octomino_e4

Skill      XL: |  1 |
---------------+----+-----
Short Blades   | 2 |  2.1
Fighting       | |  2.9
Armour         | |  2.4
Shields        | |  2.9

Action                   || total
-------------------------++-------
Melee: Dagger            ||    35
       Bite              ||     6
       Rapier            ||     2
  Eat: Chunk             ||     1
Armor: Scale mail        ||     8
Dodge: Dodged            ||     5
Block: Shield            ||    13

Table legend:
 A = Non-vault XP
 B = Vault XP
 C = Vault XP percentage of total XP
 D = Non-vault monster count
 E = Vault monster count
 F = Vault count percentage of total count
                 A         B        C        D         E       F
            +---------+---------+-------+---------+---------+-------
      Total |      19 |       0 |   0.0 |      13 |       0 |   0.0
            +---------+---------+-------+---------+---------+-------
        D:1 |      17 |       0 |   0.0 |      12 |       0 |   0.0
        D:2 |       2 |       0 |   0.0 |       1 |       0 |   0.0
            +---------+---------+-------+---------+---------+-------
